 Dungeon Crawl Stone Soup version 0.31-a0-152-g6aa68a64a1 (webtiles) character file.

Game seed: 18052719295010401999

367 qw the Shooter (level 6, -5/52 HPs)
             Began as a Minotaur Hunter on June 9, 2023.
             Slain by an iguana (9 damage)
             ... on level 4 of the Dungeon.
             The game lasted 00:01:15 (3527 turns).

qw the Shooter (Minotaur Hunter)                    Turns: 3527, Time: 00:01:16

Health: -5/52      AC:  6    Str: 16    XL:     6   Next: 41%
Magic:  0/5        EV: 11    Int:  6    God:
Gold:   133        SH:  0    Dex: 15    Spells: 5/5 levels left

rFire   + . .        Y - +0 shortbow
rCold   . . .        (shield currently unavailable)
rNeg    . . .        e - +0 ring mail
rPois   .            (helmet restricted)
rElec   .            (no cloak)
rCorr   .            (no gloves)
SInv    .            k - +0 pair of boots
Will    .....        g - amulet of guardian spirit
Stlth   +            h - ring of protection from fire
HPRegen 0.28/turn    (no ring)
MPRegen 0.09/turn

%: guardian spirit
@: no status effects
A: horns 2, retaliatory headbutt
a: no special abilities


You were on level 4 of the Dungeon.
You visited 1 branch of the dungeon, and saw 4 of its levels.

You collected 133 gold pieces.


Innate Abilities, Weirdness & Mutations

You have a pair of horns on your head.
You reflexively headbutt those who attack you in melee.


   Skills:
 - Level 4.0 Fighting
 + Level 7.9 Ranged Weapons
 - Level 1.0 Armour
 - Level 2.1 Dodging
 - Level 0.7 Stealth


You had 5 spell levels left.
You didn't know any spells.
Your spell library was empty.

Inventory:

Hand Weapons
 Y - a +0 shortbow (weapon)
Armour
 e - a +0 ring mail (worn)
 k - a +0 pair of boots (worn)
Jewellery
 g - an amulet of guardian spirit (around neck)
 h - a ring of protection from fire (left hand)
Scrolls
 d - a scroll of identify
Potions
 a - a potion of attraction {unknown}
 b - a potion of brilliance {unknown}
 f - 2 potions of heal wounds
 i - 4 potions of curing

Dungeon Overview and Level Annotations

Branches:
Dungeon (4/15)
 Temple: D:4-7

Altars:

Shops:
D:1 *


Message History

The arrow hits the ball python but does no damage.
A hound comes into view.
You shoot an arrow. The arrow hits the iguana.
The iguana is heavily wounded.
You shoot an arrow. The arrow barely misses the iguana.
The iguana closely misses you. The iguana barely misses you.
You furiously retaliate!
You headbutt the iguana! You shoot an arrow.
The arrow hits the iguana but does no damage.
The iguana is heavily wounded.
The iguana bites you. The iguana barely misses you.
You shoot an arrow.
The arrow hits the iguana but does no damage.
The iguana is heavily wounded.
The iguana closely misses you. The iguana bites you!
The iguana closely misses you. You furiously retaliate!
You headbutt the iguana, but do no damage.
The iguana bites you.
You shoot an arrow.
The arrow hits the iguana but does no damage.
The iguana is heavily wounded.
The iguana bites you but does no damage.
The iguana closely misses you.
You shoot an arrow. The arrow barely misses the iguana.
The iguana bites you but does no damage.
The iguana bites you!
You shoot an arrow. The arrow hits the iguana.
The iguana is severely wounded.
The iguana bites you! The iguana misses you.
You shoot an arrow. The arrow barely misses the iguana.
The iguana bites you but does no damage.
The iguana bites you!
You shoot an arrow. The arrow hits the iguana.
The iguana is almost dead.
The iguana closely misses you. x2
You shoot an arrow. The arrow barely misses the iguana.
The iguana bites you!
A kobold comes into view. It is wielding a +0 whip.
The iguana bites you!
You die...

#.#....# #.#....#
..#....# ..#....#
..#....# ..#....#
......##
.....##################.
.....'.........:@l......
.....############l######
#.....#


hS. ......# ..## .)##### ..# .)# ..# ..### ..K ....# ..# ....# You could see 2
iguanas, a hound, a ball python and a kobold.

Vanquished Creatures
  An ogre (D:3)
  A scorpion (D:4)
  Terence (D:2)
  2 orc wizards (D:3)
  5 adders
  2 worms
  4 dart slugs
  16 orcs (D:3)
  7 bats
  6 endoplasms
  4 giant cockroaches
  3 goblins (D:2)
  6 hobgoblins
  6 kobolds
  6 quokkas
  3 ball pythons (D:1)
  3 frilled lizards
  4 rats
80 creatures vanquished.

Notes
Turn   | Place    | Note
-------+----------+-------------------------------------------
     0 | D:1      | qw the Minotaur Hunter began the quest for the Orb.
     0 | D:1      | Reached XP level 1. HP: 18/18 MP: 0/0
     0 | D:1      | 0 ||| qw: Version: 0.2-a-121-gba3a3e5
     0 | D:1      | 0 ||| qw: Game counter: 3205
     0 | D:1      | 0 ||| qw: Always use a shield: true
     0 | D:1      | 0 ||| qw: God list: Okawaru
     0 | D:1      | 0 ||| qw: Allow faded altars: false
     0 | D:1      | 0 ||| qw: Do Orc after D:15 true
     0 | D:1      | 0 ||| qw: Do second Lair branch before Depths: true
     0 | D:1      | 0 ||| qw: Lair rune preference: random
     0 | D:1      | 0 ||| qw: Plans: Normal
     0 | D:1      | 0 ||| PLANNING D:1-11
    49 | D:1      | Found Kaasier's Assorted Antiques.
    59 | D:1      | 59 ||| SHOPLISTING scroll labelled AGUDOIPH FESKA (24 gold,
                  | have 0).
    59 | D:1      | 59 ||| SHOPLISTING scroll labelled FEWNIGU ZEIM (24 gold,
                  | have 0).
    59 | D:1      | 59 ||| SHOPLISTING scroll labelled YGIYHO KOALITO (24 gold,
                  | have 0).
   300 | D:1      | Reached XP level 2. HP: 25/25 MP: 1/1
   312 | D:1      | Reached skill level 5 in Ranged Weapons
   659 | D:1      | Reached skill level 3 in Fighting
   668 | D:1      | Found a faded altar of an unknown god.
  1013 | D:1      | 1013 ||| UPGRADING to +0 ring mail.
  1023 | D:1      | 1023 ||| DROPPING +0 leather armour.
  1024 | D:1      | 1024 ||| DROPPING scarf of shadows.
  1025 | D:1      | 1025 ||| UPGRADING to amulet of guardian spirit.
  1030 | D:1      | 1030 ||| READING scroll labelled GALOT NOQES.
  1033 | D:1      | 1033 ||| DRINKING 2 cyan potions.
  1034 | D:1      | 1034 ||| DROPPING scroll of butterflies.
  1146 | D:2      | Reached skill level 1 in Armour
  1146 | D:2      | Reached XP level 3. HP: 31/31 MP: 2/2
  1198 | D:2      | Noticed Terence
  1210 | D:2      | Killed Terence
  1215 | D:2      | 1215 ||| FLEEEEING.
  1216 | D:2      | 1216 ||| FLEEEEING.
  1217 | D:2      | 1217 ||| FLEEEEING.
  1218 | D:2      | 1218 ||| FLEEEEING.
  1219 | D:2      | 1219 ||| FLEEEEING.
  1220 | D:2      | 1220 ||| FLEEEEING.
  1327 | D:2      | Reached XP level 4. HP: 38/38 MP: 3/3
  1519 | D:2      | Reached skill level 6 in Ranged Weapons
  1935 | D:2      | Identified the +1 whip "Wadiem" {freeze, Int+3}
  2088 | D:2      | 2088 ||| UPGRADING to +0 pair of boots.
  2093 | D:2      | 2093 ||| UPGRADING to ring of protection from fire.
  2094 | D:2      | 2094 ||| READING scroll labelled TUTOME VUUPP.
  2095 | D:2      | 2095 ||| READING scroll labelled OMMOZOI ACKIK.
  2096 | D:2      | 2096 ||| READING scroll labelled ZAHEYXTE CETEF.
  2097 | D:2      | 2097 ||| READING 2 scrolls labelled YGIYHO KOALITO.
  2098 | D:2      | 2098 ||| READING scroll labelled YHARIGHOLUV.
  2099 | D:2      | 2099 ||| DRINKING 3 sedimented inky potions.
  2100 | D:2      | 2100 ||| DROPPING scroll of immolation.
  2255 | D:3      | Reached XP level 5. HP: 19/46 MP: 4/4
  2847 | D:3      | Noticed an ogre
  2858 | D:3      | Killed an ogre
  2859 | D:3      | Reached skill level 7 in Ranged Weapons
  2859 | D:3      | Reached XP level 6. HP: 43/52 MP: 5/5
  3273 | D:3      | 3273 ||| READING scroll labelled FESEES AQ SIGH.
  3275 | D:3      | 3275 ||| Stepping ~*~*~tactically~*~*~ (cloud).
  3527 | D:4      | HP: 4/52 [iguana (10)]
  3527 | D:4      | Slain by an iguana

Levels and vault maps discovered:
D:1:      onia_arrival_mini_maze_b, layout_loops_corners,
          shapermc_ecumenical_altar_ellora, serial_shops, shop,
          grunt_decor_fettered, st_stairs_2
D:2:      layout_basic, minmay_pentomino_w2, uniq_terence
D:3:      layout_loops_corners, chequers_serial_rivers_micro_e
D:4:      minmay_recursive_quarters, layout_basic, kennysheep_generic_room_15

Skill      XL: |  1  2  3  4  5 |
---------------+----------------+-----
Ranged Weapons | 5 6 7 |  7.9
Fighting       | 3 4 |  4.0
Armour         | 1 |  1.0
Dodging        | |  2.1
Stealth        | |  0.7

Action                     |  1- 3 |  4- 6 || total
---------------------------+-------+-------++-------
   Fire: Shortbow          |    81 |   233 ||   314
    Use: Scroll            |     1 |     6 ||     7
         Potion            |     1 |     1 ||     2
 Armour: Ring mail         |    12 |    56 ||    68
  Dodge: Dodged            |    14 |    74 ||    88

Table legend:
 A = Non-vault XP
 B = Vault XP
 C = Vault XP percentage of total XP
 D = Non-vault monster count
 E = Vault monster count
 F = Vault count percentage of total count
                 A         B        C        D         E       F
            +---------+---------+-------+---------+---------+-------
      Total |     484 |      41 |   7.8 |      76 |       4 |   5.0
            +---------+---------+-------+---------+---------+-------
        D:1 |      30 |       3 |   9.1 |      16 |       2 |  11.1
        D:2 |      84 |      38 |  31.1 |      23 |       2 |   8.0
        D:3 |     285 |       0 |   0.0 |      33 |       0 |   0.0
        D:4 |      85 |       0 |   0.0 |       4 |       0 |   0.0
            +---------+---------+-------+---------+---------+-------
